[Event "Charlotte CC Fall GM-ALTO 2024"]
[Site "Charlotte"]
[Date "2024.11.23"]
[Round "1.1"]
[White "Wang, Tianqi"]
[Black "Stremavicius, Titas"]
[Result "0-1"]
[Annotator "TA"]
[ECO "A13"]
[WhiteElo "2323"]
[BlackElo "2545"]
[PlyCount "98"]
[EventDate "2024.11.22"]
[EventType "tourn"]
[EventCountry "USA"]
[SourceTitle "playchess.com"]
[Source "ChessBase"]
[SourceQuality "1"]
[TimeControl "5400+30"]

1. c4 e6 2. g3 d5 3. Bg2 Nf6 4. Nf3 d4 5. O-O Nc6 6. d3 Bc5 7. Nbd2 O-O 8. Nb3 Be7 {[%emt 0:00:07] White has an edge.} 9. e3 dxe3 10. Bxe3 Ng4 11. Bc5 Rb8 12. Bxe7 Nxe7 13. d4 b6 14. Qc2 Bb7 15. Rad1 Nf6 16. Rfe1 Qd6 17. Nbd2 Rfd8 18. Ne5 Bxg2 (18... Qxd4 $2 19. Nb3 $18) 19. Kxg2 b5 20. cxb5 Rxb5 21. Ndf3 h6 22. Rc1 Nfd5 23. Qe2 Qa6 24. a3 Rb6 25. Nd3 Nf5 26. Nc5 Qxe2 27. Rxe2 g5 28. Rd2 f6 29. h3 Kf7 30. b4 h5 31. Nb3 h4 32. gxh4 {[%emt 0:00:00] [#]} (32. Rd3 $11) 32... Nxh4+ ({Of course not} 32... gxh4 $6 33. Kh2 $11) (32... Rh8 $1 $17 33. Kh2 (33. hxg5 Nf4+ 34. Kf1 Rxh3 $17) 33... Nxh4 (33... gxh4 34. Rg1 $11)) 33. Nxh4 $11 gxh4 34. Kf3 Rg8 35. Rdc2 Rg5 36. Rc5 Rb8 37. Nd2 Rf5+ 38. Ke2 Rf4 39. Nf3 Rg8 40. Rxc7+ Nxc7 41. Rxc7+ {[%emt 0:00:00][%mdl 4096] Endgame. KRR-KRN} Kg6 $1 42. Ke3 Kf5 43. Rh7 {[%emt 0:00:26] And now Rh5+ would win.} e5 {[%emt 0:00:00] Hoping for ...Rc8.} 44. Nxh4+ Ke6 45. Nf3 {[%emt 0:00:08] [#]} (45. dxe5 $17 {might work better.} fxe5 46. Rh5) 45... Rc8 $1 $19 {[%emt 0:00:00] aiming for ...Rc3+.} 46. dxe5 fxe5 {[%emt 0:02:30] Strongly threatening ...Rc3+.} 47. Rh6+ Kd5 {[%emt 0:00:00][%mdl 1024] White must now prevent ...Rc3+. Black has strong compensation.} 48. Ke2 $2 (48. Ne1) 48... Rc2+ 49. Kd1 Rxf2 {[%emt 0:00:00] Weighted Error Value: White=0.34/Black=0.05 (flawless) .  Mistake:       	White=3     	Black=1      Inaccurate:     	White=5     	---        OK:         	White=16    	Black=16     Best:        	White=2     	Black=4      Strong:       	---       	Black=2} (49... Ra2 $142 50. Nxe5 Kxe5 51. Kc1 Rfxf2 (51... Raxf2 $2 52. Rg6 $19) 52. Kb1 Rab2+ (52... Rxa3 $2 53. Rg6 $19) (52... Rfb2+ {gets mated.} 53. Kc1 Rh2 54. Kb1 Rab2+ 55. Ka1 Rbg2 56. Rh5+ Kd4 57. Rh4+ Kd3 58. Rd4+ Kxd4 59. b5 Rh1#) 53. Kc1 Rbe2 (53... Rfc2+ {is a self mate.} 54. Kd1 Rg2 55. Kc1 Rbf2 56. Rh5+ Ke4 57. Rh4+ Ke3 58. Rd4 Kxd4 59. h4 Rg1#) 54. Kd1 Ra2 55. Ke1 Rfb2 56. Rh5+ Ke4 (56... Kd4 57. Rh4+ Kd3 58. Rd4+ Kxd4 59. h4 Rb1#) 57. Rh4+ Kd3 58. Rd4+ Kxd4 59. h4 Rb1#) 0-1

[Event "Charlotte CC Fall GM-ALTO 2024"]
[Site "Charlotte"]
[Date "2024.11.23"]
[Round "1.2"]
[White "Griffith, Kyron"]
[Black "Gedajlovic, Max"]
[Result "0-1"]
[Annotator "TA"]
[ECO "C01"]
[WhiteElo "2407"]
[BlackElo "2377"]
[PlyCount "116"]
[EventDate "2024.11.22"]
[EventType "tourn"]
[EventCountry "USA"]
[SourceTitle "playchess.com"]
[Source "ChessBase"]
[SourceQuality "1"]
[TimeControl "5400+30"]

1. e4 e6 2. d4 d5 3. Nc3 Bb4 4. exd5 exd5 5. Bd3 Nf6 6. a3 Bd6 7. Bg5 c6 8. Qf3 Be7 9. h3 O-O 10. Nge2 Re8 11. O-O-O b5 12. Ng3 h6 13. Bf4 Na6 14. Rhe1 b4 15. axb4 Nxb4 16. Nf5 (16. Bf5 $11 {remains equal.}) 16... Nxd3+ $17 17. Qxd3 Bxf5 18. Qxf5 Qa5 19. f3 (19. Kb1 $15) 19... Bb4 (19... Qa1+ $142 20. Kd2 Qxb2) 20. Rxe8+ $17 Rxe8 21. Nb1 Re6 22. g4 Ne4 23. Be5 $2 (23. fxe4 $17 g6 24. Qxe6 fxe6 25. c3) 23... Nf2 (23... Nd6 $142 24. Qd3 Nc4) 24. Rf1 $19 Nxh3 25. g5 (25. c3 $142 Qb5 26. Nd2) 25... Nxg5 $19 26. Rg1 Bf8 27. Nc3 (27. Qg4) 27... Qa1+ $19 28. Nb1 c5 29. f4 (29. Rf1 $142) 29... Nf3 $19 30. Rf1 Nxd4 31. Bxd4 cxd4 32. Qxd5 Rd6 33. Qc4 Qa5 34. Nd2 Qa1+ (34... Re6 $142 35. Qxd4 Bc5) 35. Nb1 $19 h5 36. Rf3 (36. Re1 $142) 36... Qa6 (36... Re6 $142 {( -> ...Re1+)} 37. Rf1 g6) 37. Nd2 $2 (37. Qxa6 Rxa6 38. Kd2) 37... Qxc4 (37... Re6 $142 38. Rf1 Qa1+ 39. Nb1 g6) 38. Nxc4 $19 Rf6 39. Kd2 g6 40. Kd3 Bh6 41. Ke4 Bg7 42. Ne5 (42. Rh3 $142) 42... g5 $19 43. f5 Rb6 44. b3 (44. Nc4 {was necessary.} Rb4 45. Kd3) 44... g4 $19 45. Rf1 Bxe5 46. Kxe5 g3 47. Kf4 h4 48. Kg4 d3 49. cxd3 Rb4+ (49... Rxb3 $2 50. Kxh4 Rxd3 51. Kh3 $19) 50. Kh3 Kg7 (50... Rxb3 51. Rf4 $17) 51. Ra1 Kf6 (51... Rxb3 $2 52. Kxh4 g2 (52... Rxd3 53. Kh3 $11) 53. Kg3 $19) 52. Rxa7 Rxb3 ({Less strong is} 52... Kxf5 53. Rxf7+ Ke5 54. Rg7 $17 (54. Rh7 Rf4 $17)) 53. Kxh4 g2 ({Worse is} 53... Kxf5 54. Rxf7+ Ke6 55. Rg7 $11) 54. Ra1 Rxd3 55. Kg4 Rd8 56. Kf4 Rg8 57. Rg1 Rg5 58. Ke4 Rg4+ (58... Rxf5 $2 59. Rxg2 Re5+ 60. Kf4 $19) 0-1

[Event "Charlotte CC Fall GM-ALTO 2024"]
[Site "Charlotte"]
[Date "2024.11.23"]
[Round "1.3"]
[White "Williams, Justus"]
[Black "Ouellet, Maili-Jade"]
[Result "0-1"]
[Annotator "TA"]
[ECO "E05"]
[WhiteElo "2355"]
[BlackElo "2352"]
[PlyCount "54"]
[EventDate "2024.11.22"]
[EventType "tourn"]
[EventCountry "USA"]
[SourceTitle "playchess.com"]
[Source "ChessBase"]
[SourceQuality "1"]
[TimeControl "5400+30"]

1. c4 e6 2. Nf3 d5 3. g3 Nf6 4. d4 Be7 5. Bg2 O-O 6. O-O dxc4 7. Qc2 b5 8. a4 b4 9. Nfd2 (9. Qxc4 Ba6 10. Qc2 Nbd7 $11) 9... Nd5 10. Nxc4 {[%emt 0:00:30] The position is equal.} (10. Qxc4 Ba6 11. Qc2 c5 (11... Bxe2 12. Re1 $15) 12. dxc5 Nd7 $19) 10... c5 11. dxc5 Ba6 12. Bf4 ({Better is} 12. Ne3 $14) 12... Bxc5 $11 13. Rd1 Nd7 {[%emt 0:02:51] ...Rc8 would now be deadly.} 14. Nbd2 {[%emt 0:02:42] [#]} (14. Bxd5 $11 exd5 15. Rxd5) 14... Rc8 $1 $17 {[%emt 0:02:27] Strongly threatening ...g5.} 15. Qe4 {[%emt 0:02:32] [#]} (15. Bxd5 $17 exd5 16. Qf5) 15... g5 $1 $19 16. Be5 f5 17. Qf3 N5b6 (17... g4 $19 18. Qb3 Bxf2+ (18... Nxe5 $2 19. Nxe5 Bxf2+ 20. Kxf2 $19) 19. Kxf2 Nxe5) 18. Bd6 $17 Bxd6 (18... Bxc4 19. Bxf8 Bxf8 (19... Kxf8 20. Qh5 $14) 20. a5 $11) (18... Nxc4 $17 19. Nxc4 Bxc4 20. Bxf8 Kxf8 (20... Bxf8 21. Rac1 $17)) 19. Nxd6 $11 Ne5 $1 $36 {[%emt 0:00:19][%csl LRd6,LRf3][%mdl 2048] Black is pushing.} 20. Qh5 ({White has to play} 20. Qe3 $1 $15 Qxd6 21. Nc4) 20... Qxd6 $19 21. Nc4 Qc7 (21... Nexc4 22. Qxg5+ Kf7 23. Rxd6 Nxd6 24. Bf3 $18) 22. Qxg5+ Ng6 23. Nd6 Rcd8 24. Nb5 Rxd1+ (24... Qe7 25. Qc1 $19) 25. Rxd1 Qg7 26. Nd4 Qf6 (26... Nxa4 27. Nxe6 Qf6 (27... Qxb2 $2 28. Nxf8 Qxe2 29. Bd5+ Kg7 30. Ne6+ $18) 28. Qh6 Bxe2 (28... Qxe6 $2 29. Bd5 $18) 29. Bd5 $14 (29. Nxf8 Qxf8 30. Qxf8+ Kxf8 $15)) 27. Qe3 (27. Qxf6 Rxf6 28. b3) 27... Rd8 {[%emt 0:01:24] Weighted Error Value: White=0.67/Black=0.19 (very precise) .  Mistake:       	White=5     	Black=2      Inaccurate:     	White=1     	Black=1      OK:         	White=5     	Black=7      Best:        	White=1     	Black=4      Strong:       	---       	Black=2} (27... Nxa4 28. Nxe6 Rc8 (28... Nxb2 29. Rd7 $11) 29. Qxa7 $17 (29. Rd7 f4 $11)) 0-1

[Event "Charlotte CC Fall GM-ALTO 2024"]
[Site "Charlotte"]
[Date "2024.11.23"]
[Round "1.4"]
[White "Mitrabha, Guha"]
[Black "Fernandez, Daniel Howard"]
[Result "1-0"]
[Annotator "TA"]
[ECO "A34"]
[WhiteElo "2511"]
[BlackElo "2503"]
[PlyCount "101"]
[EventDate "2024.11.22"]
[EventType "tourn"]
[EventCountry "USA"]
[SourceTitle "playchess.com"]
[Source "ChessBase"]
[SourceQuality "1"]
[TimeControl "5400+30"]

1. c4 g6 2. Nf3 Nf6 3. Nc3 d5 4. cxd5 Nxd5 5. g3 Bg7 6. Bg2 c5 7. h4 $1 {[%emt 0:00:46][%mdl 4] outshines the older 7.0-0. A34: Symmetrical English: 2 Nc3, lines with ...d5.} Nc6 8. h5 e6 (8... c4 $11) 9. Ne4 $146 ({Predecessor:} 9. h6 Bf6 10. Ne4 Be7 11. b4 cxb4 12. Bb2 O-O 13. Rc1 Bd7 14. Nc5 Rc8 15. O-O {1-0 Ding,L (2714)-Vachier Lagrave,M (2719) Biel Breisacher Memorial 2013 (4)}) 9... b6 10. h6 Bf6 (10... Bf8 $11 {should be considered.}) 11. Nxf6+ $14 Qxf6 12. d4 Nxd4 13. Nxd4 Qxd4 14. Qxd4 cxd4 15. Rh4 d3 16. Rd4 (16. exd3 Bb7 17. b3 Kd7 $16) 16... dxe2 17. Rxd5 $1 exd5 18. Bxd5 Rb8 19. Bf4 $1 (19. Kxe2 $2 O-O 20. a4 Ba6+ 21. Ke1 Bb7 $19) 19... Bb7 $1 20. Bxb8 Bxd5 21. Bxa7 ({Reject} 21. Kxe2 Kd7 22. Bf4 Rc8 $15) 21... b5 22. Kxe2 Ke7 23. Bc5+ Ke6 24. Kd3 Kf5 25. a3 Rc8 26. Kd4 Bb3 (26... Bc4 $14) 27. Re1 Kg5 28. Rh1 (28. Kc3 $16 {aiming for Re5+.} Rxc5+ 29. Kxb3) 28... Kf5 29. Rc1 g5 30. Re1 Kg6 31. Re7 Kxh6 32. Rb7 Bc4 33. Rb6+ Kh5 34. a4 $1 Rd8+ 35. Bd6 Kg4 36. a5 ({Much weaker is} 36. axb5 $6 Bxb5 37. Ke5 Bc4 $11) 36... h5 37. a6 Bf1 38. f3+ Kxf3 39. a7 Kg4 {[%emt 0:08:51] [#]} 40. Ke5 $1 Bg2 41. Rb8 ({Better is} 41. Rxb5 $16 {Rb8 would now be deadly.} Re8+ 42. Kd4) 41... Rd7 $11 42. a8=Q Bxa8 43. Rxa8 Kxg3 44. Kd5+ Kg2 $2 {[%emt 0:02:36][%mdl 8192] [#]} ({Avoid the trap} 44... Kg4 $2 45. Kc6 Rxd6+ 46. Kxd6 $18) (44... Rxd6+ $11 45. Kxd6 h4) 45. Kc6 $1 Rxd6+ 46. Kxd6 g4 47. Rh8 f5 48. Ke5 h4 49. Rxh4 Kg3 50. Rh1 f4 51. Rg1+ 1-0

[Event "Charlotte CC Fall GM-ALTO 2024"]
[Site "Charlotte"]
[Date "2024.11.23"]
[Round "1.5"]
[White "Padmini, Rout"]
[Black "Stefanov, Emil"]
[Result "1-0"]
[Annotator "TA"]
[ECO "C55"]
[WhiteElo "2334"]
[BlackElo "2362"]
[PlyCount "85"]
[EventDate "2024.11.22"]
[EventType "tourn"]
[EventCountry "USA"]
[SourceTitle "playchess.com"]
[Source "ChessBase"]
[SourceQuality "1"]
[TimeControl "5400+30"]

1. e4 e5 2. Nf3 Nc6 3. Bc4 Nf6 4. d3 Be7 5. O-O O-O 6. Re1 d6 7. a4 Be6 8. Bxe6 fxe6 9. c3 a5 10. Qb3 {[%emt 0:03:06] White is slightly better.} Qd7 11. Nbd2 h6 12. Nc4 (12. Qxb7 $2 {loses.} Rfb8 $19) 12... b6 13. Be3 Rf7 14. Qb5 Raf8 15. b4 axb4 16. cxb4 Ng4 17. h3 ({White should try} 17. Rec1 $16) 17... Nxe3 $11 18. Rxe3 Ra8 19. a5 d5 20. exd5 exd5 21. Rc1 dxc4 22. Qxc4 Bxb4 {[%emt 0:00:00] ...Bc5 would now be deadly.} 23. axb6 $1 {[%emt 0:02:06] [#]} cxb6 $1 {[%emt 0:00:00] White must now prevent ...Bc5.} 24. Qxc6 Qxc6 25. Rxc6 Ra1+ 26. Kh2 Bc5 27. Rxe5 Bxf2 28. Re2 {[%emt 0:02:28] Inhibits Ra2.} Bc5 29. d4 Ba3 30. Rxb6 Bc1 31. Rb3 Bf4+ 32. g3 Bd6 33. Kg2 Rd1 34. h4 Rf5 35. Re6 Bf8 36. g4 Rd5 {[%emt 0:00:27] This costs Black the game.} (36... Rf4 $16) 37. Rb8 $18 {[%emt 0:00:36] [#] And now Ree8 would win.} Kf7 38. Re2 R1xd4 $2 (38... Bd6 39. Rb7+ Kg8) 39. Nxd4 Rxd4 40. Rf2+ Kg6 41. Rbxf8 {[%emt 0:00:26] White mates.} Rxg4+ 42. Kh3 h5 43. Rg2 {[%emt 0:02:25] Weighted Error Value: White=0.08 (flawless) /Black=0.39.  Mistake:       	White=1     	Black=2      Inaccurate:     	White=2     	Black=4      OK:         	White=14    	Black=11     Best:        	White=1     	Black=2      Strong:       	White=1     	---} 1-0